Montreal Canadiens vs Toronto Maple Leafs
Created - Tuesday, February 18, 2025 at 09:17
Goals
|
| Montreal Canadiens |
0 |
0 |
0 |
0 |
| Toronto Maple Leafs |
1 |
2 |
0 |
3 |
|
Shots
|
| Montreal Canadiens |
11 |
9 |
3 |
23 |
| Toronto Maple Leafs |
8 |
12 |
9 |
29 |
|
1st period
1. Toronto Maple Leafs , Troy Terry 11 (Tomas Hertl 14) at 9:24 (PP)
Penalties :
Vladimir Tarasenko (MTL) for Roughing (Minor) at 9:23, Brady Tkachuk (TOR) for Tripping (Minor) at 10:01
2nd period
2. Toronto Maple Leafs , Wyatt Johnston 7 (Quinton Byfield 7, Nick Bjugstad 7) at 10:25 (PP)
3. Toronto Maple Leafs , Nino Niederreiter 2 (Nicolas Roy 4) at 12:09
Penalties :
Dylan Larkin (MTL) for Holding (Minor) at 7:35, Dylan Larkin (MTL) for Interference (Minor) at 10:13, Quinton Byfield (TOR) for Tripping (Minor) at 17:08
3rd period
No Goal
Penalties :
Sean Walker (TOR) for Slashing (Minor) at 4:12, Dougie Hamilton (TOR) for Goalie Interference (Minor) at 6:52, Sam Bennett (TOR) for High sticking (Minor) at 18:09
Goalie Stats
John Gibson (MTL), 26 saves from 29 shots - (0.897), L, 5-4-1, 60:00 minutes
Cam Talbot (TOR), 23 saves from 23 shots - (1.000), W, 6-2-0, 60:00 minutes
Players Stats for Montreal Canadiens
Player Name G A P +/- PIM S H SB GA TA FO MP PP MP PK MP
------------------------------------------------------------------------------------
Adam Fox 0 0 0 0 0 0 2 1 0 0 0/0 18:53 4:55 0:00
Alex Iafallo 0 0 0 0 0 1 1 0 0 0 0/0 10:02 0:09 0:57
Aliaksei Protas 0 0 0 0 0 0 1 2 1 0 0/1 18:43 4:43 1:15
Andreas Athanasiou 0 0 0 -1 0 1 2 0 0 0 0/0 10:16 0:00 0:00
Brady Skjei 0 0 0 -1 0 1 1 8 0 0 0/0 25:29 4:51 1:15
Damon Severson 0 0 0 0 0 0 3 0 0 0 0/0 20:56 4:51 1:15
Dylan Larkin 0 0 0 0 4 6 3 1 0 0 10/21 20:57 4:54 0:00
Ethen Frank 0 0 0 0 0 0 2 1 0 0 1/4 9:06 0:10 0:00
Evgeni Dadonov 0 0 0 0 0 0 1 0 2 0 0/0 9:15 0:12 0:00
Ilya Lyubushkin 0 0 0 0 0 0 0 1 0 3 0/0 14:02 0:00 0:57
Jack Johnson 0 0 0 0 0 0 1 0 0 0 0/0 20:05 0:00 0:00
Jake Evans 0 0 0 0 0 1 1 0 0 0 6/17 13:53 0:00 1:15
Juraj Slafkovsky 0 0 0 0 0 2 1 0 0 0 0/4 20:59 4:54 0:00
Justin Faulk 0 0 0 -1 0 0 0 3 0 1 0/0 20:35 4:55 0:57
Martin Necas 0 0 0 0 0 4 3 0 1 0 0/0 17:28 4:43 0:00
Patrik Laine 0 0 0 -1 0 6 2 0 1 0 2/2 14:58 4:42 0:00
Teddy Blueger 0 0 0 -1 0 0 1 0 0 0 4/6 11:13 0:00 0:57
Vladimir Tarasenko 0 0 0 0 2 1 2 0 1 1 1/2 20:55 4:51 0:00
Players Stats for Toronto Maple Leafs
Player Name G A P +/- PIM S H SB GA TA FO MP PP MP PK MP
------------------------------------------------------------------------------------
Aaron Ekblad 0 0 0 0 0 0 1 1 0 1 0/0 22:21 1:11 4:26
Andrew Mangiapane 0 0 0 0 0 3 1 0 1 0 0/0 8:20 0:00 0:00
Brady Tkachuk 0 0 0 0 2 2 3 0 0 1 0/0 15:13 1:04 0:09
Brandon Saad 0 0 0 0 0 3 1 2 0 1 0/1 8:20 0:00 0:00
Cody Ceci 0 0 0 0 0 2 0 1 0 0 0/0 23:20 1:01 5:20
Dougie Hamilton 0 0 0 1 2 0 0 0 0 1 0/0 15:29 1:11 0:00
Mario Ferraro 0 0 0 0 0 0 2 0 0 0 0/0 22:11 0:00 5:20
Nick Bjugstad 0 1 1 0 0 1 0 0 1 0 2/3 18:49 1:08 4:40
Nicolas Roy 0 1 1 1 0 3 0 0 0 1 0/0 17:35 0:00 4:50
Nino Niederreiter 1 0 1 1 0 3 1 0 0 0 0/1 13:18 0:00 0:16
Quinton Byfield 0 1 1 0 2 1 2 1 1 0 1/1 14:25 1:08 0:00
Ryan Pulock 0 0 0 0 0 0 1 2 0 0 0/0 20:44 0:00 4:26
Sam Bennett 0 0 0 1 2 4 3 0 0 0 7/11 12:22 0:00 0:00
Scott Laughton 0 0 0 0 0 1 2 0 1 0 3/7 12:31 0:00 4:40
Sean Walker 0 0 0 1 2 2 0 0 0 1 0/0 16:15 1:01 0:00
Tomas Hertl 0 1 1 0 0 2 3 0 1 0 12/15 19:57 1:04 4:57
Troy Terry 1 0 1 0 0 1 0 0 0 0 0/2 14:21 1:04 0:00
Wyatt Johnston 1 0 1 0 0 1 0 0 0 0 8/16 14:38 1:08 0:00
3 Stars
1 - Cam Talbot (TOR)
2 - Nino Niederreiter (TOR)
3 - Wyatt Johnston (TOR)
Power Play
Montreal Canadiens - 0 on 5 Attempt(s) - 0.00%
Toronto Maple Leafs - 2 on 3 Attempt(s) - 66.67%
Penalty Kill
Montreal Canadiens - 1 on 3 Attempt(s) - 33.33%
- Score 0 goal in Penalty Kill
Toronto Maple Leafs - 5 on 5 Attempt(s) - 100.00%
- Score 0 goal in Penalty Kill
Team Stat
Montreal Canadiens - Hits : 27 - Faceoff Wins : 24 - Blocked Shots : 17 - Penalty Minutes : 6
Toronto Maple Leafs - Hits : 20 - Faceoff Wins : 33 - Blocked Shots : 7 - Penalty Minutes : 10
Official
Referees : Marc Joannette and Kyle Rehman
Linesman : Kiel Murchison and Mitchell Hunt
Game Notes
No Game Note
Finance
Level 1 -- Attendance: 6000 (100.00%) -- Ticket Income $564,000
Level 2 -- Attendance: 4910 (98.20%) -- Ticket Income $265,140
Level 3 -- Attendance: 2961 (98.70%) -- Ticket Income $97,713
Level 4 -- Attendance: 4800 (96.00%) -- Ticket Income $100,800
Luxury Box -- Attendance: 1000 (100.00%) -- Ticket Income $193,000
Game was played at the Air Canada Centre.
Total Attendance: 19671 (98.36%)
Total Ticket Income: $1,220,653
Other Income: $427,229
Total Income: $1,647,882
Montreal Canadiens
5 vs 5 Forward
Center Left Wing Right Wing Time % Phy DF OF
1 Dylan Larkin Juraj Slafkovsky Vladimir Tarasenko 40 1 2 2
2 Jake Evans Aliaksei Protas Martin Necas 30 1 2 2
3 Teddy Blueger Patrik Laine Andreas Athanasiou 20 1 2 2
4 Ethen Frank Evgeni Dadonov Alex Iafallo 10 1 2 2
5 vs 5 Defense
Defense Defense Time % Phy DF OF
1 Brady Skjei Justin Faulk 30 1 4 0
2 Damon Severson Jack Johnson 30 1 4 0
3 Adam Fox Ilya Lyubushkin 25 1 4 0
4 Brady Skjei Jack Johnson 15 1 4 0
PowerPlay Forward
Center Left Wing Right Wing Time % Phy DF OF
1 Dylan Larkin Juraj Slafkovsky Vladimir Tarasenko 50 0 0 5
2 Patrik Laine Aliaksei Protas Martin Necas 50 0 0 5
PowerPlay Defense
Defense Defense Time % Phy DF OF
1 Justin Faulk Adam Fox 50 0 1 4
2 Brady Skjei Damon Severson 50 0 1 4
Penalty Kill 4 Players Forward
Center Wing Time % Phy DF OF
1 Jake Evans Aliaksei Protas 50 0 5 0
2 Teddy Blueger Alex Iafallo 50 0 5 0
Penalty Kill 4 Players Defense
Defense Defense Time % Phy DF OF
1 Ilya Lyubushkin Justin Faulk 50 1 4 0
2 Brady Skjei Damon Severson 50 1 4 0
Penalty Kill - 3 Players Forward
Forward Time % Phy DF OF
1 Jake Evans 50 0 5 0
2 Teddy Blueger 50 0 5 0
Penalty Kill - 3 Players Defense
Defense Defense Time % Phy DF OF
1 Ilya Lyubushkin Justin Faulk 50 0 5 0
2 Brady Skjei Damon Severson 50 0 5 0
4 vs 4 Forward
Center Wing Time % Phy DF OF
1 Dylan Larkin Martin Necas 50 1 2 2
2 Jake Evans Vladimir Tarasenko 50 1 2 2
4 vs 4 Defense
Defense Defense Time % Phy DF OF
1 Justin Faulk Adam Fox 50 1 4 0
2 Brady Skjei Damon Severson 50 1 4 0
Last Minutes Offensive
Center Left Wing Right Wing Defense Defense
Dylan Larkin Juraj Slafkovsky Vladimir Tarasenko Justin Faulk Adam Fox
Last Minutes Defensive
Center Left Wing Right Wing Defense Defense
Teddy Blueger Aliaksei Protas Jake Evans Ilya Lyubushkin Justin Faulk
Goaltenders
Starting : John Gibson
Backup : David Rittich
Extra Forwards
Normal : Dylan Larkin, Juraj Slafkovsky, Martin Necas - PP : Dylan Larkin, Juraj Slafkovsky - PK : Teddy Blueger
Extra Defensemen
Normal : Brady Skjei, Justin Faulk, Adam Fox - PP : Adam Fox - PK : Justin Faulk, Brady Skjei
Penalty Shots
Dylan Larkin, Vladimir Tarasenko, Martin Necas, Juraj Slafkovsky, Patrik Laine
Scratches
None
Toronto Maple Leafs
5 vs 5 Forward
Center Left Wing Right Wing Time % Phy DF OF
1 Tomas Hertl Brady Tkachuk Troy Terry 30 1 2 2
2 Wyatt Johnston Quinton Byfield Nick Bjugstad 30 1 2 2
3 Sam Bennett Nino Niederreiter Nicolas Roy 25 1 2 2
4 Scott Laughton Brandon Saad Andrew Mangiapane 15 1 2 2
5 vs 5 Defense
Defense Defense Time % Phy DF OF
1 Aaron Ekblad Ryan Pulock 35 1 2 2
2 Cody Ceci Mario Ferraro 35 1 2 2
3 Sean Walker Dougie Hamilton 30 1 2 2
4 Aaron Ekblad Mario Ferraro 0 1 2 2
PowerPlay Forward
Center Left Wing Right Wing Time % Phy DF OF
1 Tomas Hertl Brady Tkachuk Troy Terry 50 1 2 2
2 Wyatt Johnston Quinton Byfield Nick Bjugstad 50 1 2 2
PowerPlay Defense
Defense Defense Time % Phy DF OF
1 Dougie Hamilton Aaron Ekblad 50 1 2 2
2 Sean Walker Cody Ceci 50 1 2 2
Penalty Kill 4 Players Forward
Center Wing Time % Phy DF OF
1 Nick Bjugstad Scott Laughton 50 1 2 2
2 Tomas Hertl Nicolas Roy 50 1 2 2
Penalty Kill 4 Players Defense
Defense Defense Time % Phy DF OF
1 Aaron Ekblad Ryan Pulock 50 1 2 2
2 Mario Ferraro Cody Ceci 50 1 2 2
Penalty Kill - 3 Players Forward
Forward Time % Phy DF OF
1 Tomas Hertl 50 1 2 2
2 Nick Bjugstad 50 1 2 2
Penalty Kill - 3 Players Defense
Defense Defense Time % Phy DF OF
1 Aaron Ekblad Ryan Pulock 50 1 2 2
2 Cody Ceci Mario Ferraro 50 1 2 2
4 vs 4 Forward
Center Wing Time % Phy DF OF
1 Wyatt Johnston Brady Tkachuk 50 1 2 2
2 Tomas Hertl Troy Terry 50 1 2 2
4 vs 4 Defense
Defense Defense Time % Phy DF OF
1 Aaron Ekblad Dougie Hamilton 50 1 2 2
2 Ryan Pulock Mario Ferraro 50 1 2 2
Last Minutes Offensive
Center Left Wing Right Wing Defense Defense
Tomas Hertl Brady Tkachuk Troy Terry Aaron Ekblad Dougie Hamilton
Last Minutes Defensive
Center Left Wing Right Wing Defense Defense
Tomas Hertl Scott Laughton Troy Terry Aaron Ekblad Mario Ferraro
Goaltenders
Starting : Cam Talbot
Backup : Frederik Andersen
Extra Forwards
Normal : Wyatt Johnston, Sam Bennett, Nino Niederreiter - PP : Wyatt Johnston, Sam Bennett - PK : Nino Niederreiter
Extra Defensemen
Normal : Sean Walker, Dougie Hamilton, Cody Ceci - PP : Sean Walker - PK : Dougie Hamilton, Cody Ceci
Penalty Shots
Dougie Hamilton, Nick Bjugstad, Troy Terry, Quinton Byfield, Nicolas Roy
Scratches
Bowen Byram (Healthy), Kyle Okposo (Healthy), Warren Foegele (Healthy), Luke Schenn (Healthy), Pierre Engvall (Healthy)
% Time on Ice - Montreal Canadiens
Lines # - Real PCT - Wanted PCT - Time Play
Normal Forward
1 - 33% - 40% - 16:05
2 - 27% - 30% - 12:47
3 - 21% - 20% - 10:16
4 - 19% - 10% - 8:54
Normal Defense
1 - 31% - 30% - 14:43
2 - 31% - 30% - 15:06
3 - 27% - 25% - 13:05
4 - 11% - 15% - 5:08
PP Forward
1 - 50% - 50% - 4:54
2 - 50% - 50% - 4:52
PP Defense
1 - 50% - 50% - 4:55
2 - 50% - 50% - 4:51
PK Forward
1 - 57% - 50% - 1:15
2 - 43% - 50% - 0:57
PK Defense
1 - 43% - 50% - 0:57
2 - 57% - 50% - 1:15
PK3 Forward
1 - 0% - 50%
2 - 0% - 50%
PK3 Defense
1 - 0% - 50%
2 - 0% - 50%
44 Forward
1 - 0% - 50%
2 - 0% - 50%
44 Defense
1 - 0% - 50%
2 - 0% - 50%
Last Minute Offensive - 0:00
Last Minute Defensive - 0:00
Total
Forward - 60:00
Defense - 60:00
|
% Time on Ice - Toronto Maple Leafs
Lines # - Real PCT - Wanted PCT - Time Play
Normal Forward
1 - 28% - 30% - 13:39
2 - 28% - 30% - 13:40
3 - 26% - 25% - 12:23
4 - 17% - 15% - 8:20
Normal Defense
1 - 34% - 35% - 16:18
2 - 35% - 35% - 16:59
3 - 30% - 30% - 14:19
4 - 1% - 0% - 0:26
PP Forward
1 - 48% - 50% - 1:04
2 - 52% - 50% - 1:08
PP Defense
1 - 54% - 50% - 1:11
2 - 46% - 50% - 1:01
PK Forward
1 - 48% - 50% - 4:42
2 - 52% - 50% - 5:04
PK Defense
1 - 45% - 50% - 4:26
2 - 55% - 50% - 5:20
PK3 Forward
1 - 0% - 50%
2 - 0% - 50%
PK3 Defense
1 - 0% - 50%
2 - 0% - 50%
44 Forward
1 - 0% - 50%
2 - 0% - 50%
44 Defense
1 - 0% - 50%
2 - 0% - 50%
Last Minute Offensive - 0:00
Last Minute Defensive - 0:00
Total
Forward - 60:00
Defense - 60:00
|
Play-by-Play
1st period
0:01 of 1st period - Dylan Larkin wins face-off versus Tomas Hertl in neutral zone.
0:14 of 1st period - Slapshot by Dylan Larkin.
0:14 of 1st period - Shot Blocked by Ryan Pulock.
0:47 of 1st period - Damon Severson is hit by Aaron Ekblad.
0:53 of 1st period - Nicolas Roy is hit by Damon Severson and loses puck.
1:49 of 1st period - Snap shot by Martin Necas.
1:49 of 1st period - Shot Misses the Net.
1:51 of 1st period - Slapshot by Brady Skjei.
1:51 of 1st period - Stopped by Cam Talbot with a rebound.
2:05 of 1st period - Aaron Ekblad is hit by Teddy Blueger.
2:39 of 1st period - Slapshot by Scott Laughton.
2:39 of 1st period - Shot Misses the Net.
2:55 of 1st period - Slapshot by Dylan Larkin.
2:55 of 1st period - Stopped by Cam Talbot with a rebound.
2:57 of 1st period - Snap shot by Juraj Slafkovsky.
2:57 of 1st period - Shot Misses the Net.
2:59 of 1st period - Snap shot by Juraj Slafkovsky.
2:59 of 1st period - Shot Misses the Net.
3:01 of 1st period - Snap shot by Jack Johnson.
3:01 of 1st period - Deflect By Dylan Larkin.
3:01 of 1st period - Shot Blocked by Aaron Ekblad.
3:01 of 1st period - Puck is out of play.
3:02 of 1st period - Tomas Hertl wins face-off versus Jake Evans in Toronto Maple Leafs zone.
3:07 of 1st period - Snap shot by Brady Tkachuk.
3:07 of 1st period - Shot Blocked by Justin Faulk.
3:26 of 1st period - Icing by Nick Bjugstad.
3:27 of 1st period - Dylan Larkin wins face-off versus Wyatt Johnston in Toronto Maple Leafs zone.
3:32 of 1st period - Slapshot by Dylan Larkin.
3:32 of 1st period - Stopped by Cam Talbot with a rebound.
3:34 of 1st period - Slapshot by Ilya Lyubushkin.
3:34 of 1st period - Shot Misses the Net.
3:36 of 1st period - Snap shot by Dylan Larkin.
3:36 of 1st period - Stopped by Cam Talbot without a rebound.
3:37 of 1st period - Sam Bennett wins face-off versus Dylan Larkin in Toronto Maple Leafs zone.
3:50 of 1st period - Backhand shot by Nino Niederreiter.
3:50 of 1st period - Stopped by John Gibson without a rebound.
3:51 of 1st period - Tomas Hertl wins face-off versus Jake Evans in Montreal Canadiens zone.
3:56 of 1st period - Snap shot by Brady Tkachuk.
3:56 of 1st period - Shot Blocked by Brady Skjei.
3:58 of 1st period - Slapshot by Sean Walker.
3:58 of 1st period - Stopped by John Gibson without a rebound.
3:59 of 1st period - Jake Evans wins face-off versus Tomas Hertl in Montreal Canadiens zone.
4:08 of 1st period - Tomas Hertl is hit by Martin Necas and loses puck.
4:15 of 1st period - Wrist shot by Dougie Hamilton.
4:15 of 1st period - Shot Misses the Net.
4:17 of 1st period - Slapshot by Dougie Hamilton.
4:17 of 1st period - Shot Blocked by Aliaksei Protas.
4:27 of 1st period - Wrist shot by Brady Tkachuk.
4:27 of 1st period - Shot Misses the Net.
4:29 of 1st period - Snap shot by Brady Tkachuk.
4:29 of 1st period - Shot Misses the Net.
4:31 of 1st period - Slapshot by Troy Terry.
4:31 of 1st period - Shot Misses the Net.
4:33 of 1st period - Slapshot by Dougie Hamilton.
4:33 of 1st period - Shot Misses the Net.
4:35 of 1st period - Slapshot by Dougie Hamilton.
4:35 of 1st period - Shot Blocked by Justin Faulk.
4:55 of 1st period - Jake Evans is hit by Tomas Hertl and loses puck.
5:04 of 1st period - Wrist shot by Brady Tkachuk.
5:04 of 1st period - Shot Blocked by Brady Skjei.
5:06 of 1st period - Backhand shot by Dougie Hamilton.
5:06 of 1st period - Shot Blocked by Justin Faulk.
5:08 of 1st period - Slapshot by Dougie Hamilton.
5:08 of 1st period - Deflect By Brady Tkachuk.
5:08 of 1st period - Shot Misses the Net.
5:08 of 1st period - Puck is out of play.
5:09 of 1st period - Dylan Larkin wins face-off versus Wyatt Johnston in Montreal Canadiens zone.
5:45 of 1st period - Snap shot by Patrik Laine.
5:45 of 1st period - Stopped by Cam Talbot without a rebound.
5:46 of 1st period - Teddy Blueger wins face-off versus Scott Laughton in Toronto Maple Leafs zone.
5:47 of 1st period - Snap shot by Patrik Laine.
5:47 of 1st period - Shot Misses the Net.
6:16 of 1st period - Slapshot by Nick Bjugstad.
6:16 of 1st period - Shot Misses the Net.
6:18 of 1st period - Wrist shot by Aaron Ekblad.
6:18 of 1st period - Shot Blocked by Brady Skjei.
6:20 of 1st period - Slapshot by Ryan Pulock.
6:20 of 1st period - Shot Blocked by Brady Skjei.
6:34 of 1st period - Backhand shot by Sam Bennett.
6:34 of 1st period - Shot Blocked by Brady Skjei.
6:36 of 1st period - Slapshot by Sam Bennett.
6:36 of 1st period - Shot Blocked by Brady Skjei.
6:38 of 1st period - Slapshot by Cody Ceci.
6:38 of 1st period - Deflect By Nino Niederreiter.
6:38 of 1st period - Shot Misses the Net.
6:38 of 1st period - Puck is out of play.
6:39 of 1st period - Wyatt Johnston wins face-off versus Teddy Blueger in Montreal Canadiens zone.
7:11 of 1st period - Slapshot by Dylan Larkin.
7:11 of 1st period - Shot Misses the Net.
7:50 of 1st period - Jack Johnson is hit by Brady Tkachuk and loses puck.
8:21 of 1st period - Slapshot by Juraj Slafkovsky.
8:21 of 1st period - Stopped by Cam Talbot with a rebound.
8:54 of 1st period - Slapshot by Martin Necas.
8:54 of 1st period - Shot Blocked by Brandon Saad.
9:04 of 1st period - Wrist shot by Jake Evans.
9:04 of 1st period - Deflect By Martin Necas.
9:04 of 1st period - Shot Misses the Net.
9:04 of 1st period - Puck is out of play.
9:05 of 1st period - Dylan Larkin wins face-off versus Troy Terry in Toronto Maple Leafs zone.
9:23 of 1st period - Minor Penalty to Vladimir Tarasenko for Roughing.
9:24 of 1st period - Tomas Hertl wins face-off versus Jake Evans in Montreal Canadiens zone.
9:24 of 1st period - Wrist shot by Troy Terry.
9:24 of 1st period - Goal by Troy Terry - Montreal Canadiens : 0 - Toronto Maple Leafs : 1.
9:25 of 1st period - Wyatt Johnston wins face-off versus Juraj Slafkovsky in neutral zone.
9:32 of 1st period - Brady Skjei is hit by Quinton Byfield and loses puck.
9:51 of 1st period - Juraj Slafkovsky is hit by Tomas Hertl and loses puck.
10:01 of 1st period - Minor Penalty to Brady Tkachuk for Tripping.
10:02 of 1st period - Patrik Laine wins face-off versus Nick Bjugstad in Toronto Maple Leafs zone.
10:51 of 1st period - Wrist shot by Vladimir Tarasenko.
10:51 of 1st period - Shot Misses the Net.
12:01 of 1st period - Penalty to Brady Tkachuk is over, Brady Tkachuk is back on ice.
12:12 of 1st period - Snap shot by Evgeni Dadonov.
12:12 of 1st period - Shot Blocked by Cody Ceci.
12:38 of 1st period - Snap shot by Andrew Mangiapane.
12:38 of 1st period - Stopped by John Gibson without a rebound.
12:39 of 1st period - Scott Laughton wins face-off versus Ethen Frank in Montreal Canadiens zone.
13:14 of 1st period - Snap shot by Martin Necas.
13:14 of 1st period - Stopped by Cam Talbot without a rebound.
13:15 of 1st period - Jake Evans wins face-off versus Troy Terry in Toronto Maple Leafs zone.
13:28 of 1st period - Wrist shot by Martin Necas.
13:28 of 1st period - Stopped by Cam Talbot without a rebound.
13:29 of 1st period - Dylan Larkin wins face-off versus Sam Bennett in Toronto Maple Leafs zone.
13:51 of 1st period - Icing by Dougie Hamilton.
13:52 of 1st period - Wyatt Johnston wins face-off versus Jake Evans in Toronto Maple Leafs zone.
14:50 of 1st period - Snap shot by Dylan Larkin.
14:50 of 1st period - Stopped by Cam Talbot without a rebound.
14:51 of 1st period - Sam Bennett wins face-off versus Jake Evans in Toronto Maple Leafs zone.
14:56 of 1st period - Snap shot by Sam Bennett.
14:56 of 1st period - Shot Blocked by Aliaksei Protas.
15:16 of 1st period - Tomas Hertl is hit by Vladimir Tarasenko and loses puck.
15:39 of 1st period - Slapshot by Scott Laughton.
15:39 of 1st period - Shot Misses the Net.
15:41 of 1st period - Slapshot by Cody Ceci.
15:41 of 1st period - Stopped by John Gibson without a rebound.
15:42 of 1st period - Dylan Larkin wins face-off versus Scott Laughton in Montreal Canadiens zone.
15:49 of 1st period - Wrist shot by Dylan Larkin.
15:49 of 1st period - Shot Misses the Net.
16:13 of 1st period - Wrist shot by Vladimir Tarasenko.
16:13 of 1st period - Shot Blocked by Brandon Saad.
16:15 of 1st period - Slapshot by Jack Johnson.
16:15 of 1st period - Deflect By Vladimir Tarasenko.
16:15 of 1st period - Shot Misses the Net.
16:15 of 1st period - Puck is out of play.
16:16 of 1st period - Jake Evans wins face-off versus Sam Bennett in Toronto Maple Leafs zone.
16:17 of 1st period - Wrist shot by Martin Necas.
16:17 of 1st period - Shot Misses the Net.
16:43 of 1st period - Brady Tkachuk is hit by Jack Johnson and loses puck.
16:50 of 1st period - Snap shot by Andreas Athanasiou.
16:50 of 1st period - Stopped by Cam Talbot without a rebound.
16:51 of 1st period - Tomas Hertl wins face-off versus Dylan Larkin in Toronto Maple Leafs zone.
17:00 of 1st period - Snap shot by Brady Tkachuk.
17:00 of 1st period - Stopped by John Gibson without a rebound.
17:01 of 1st period - Tomas Hertl wins face-off versus Dylan Larkin in Montreal Canadiens zone.
17:18 of 1st period - Snap shot by Tomas Hertl.
17:18 of 1st period - Stopped by John Gibson without a rebound.
17:19 of 1st period - Jake Evans wins face-off versus Nino Niederreiter in Montreal Canadiens zone.
17:19 of 1st period - Jake Evans is hit by Sam Bennett.
17:27 of 1st period - Snap shot by Aliaksei Protas.
17:27 of 1st period - Deflect By Martin Necas.
17:27 of 1st period - Stopped by Cam Talbot with a rebound.
18:08 of 1st period - Teddy Blueger is hit by Andrew Mangiapane and loses puck.
18:51 of 1st period - Alex Iafallo is hit by Brady Tkachuk.
19:30 of 1st period - Troy Terry is hit by Evgeni Dadonov and loses puck.
19:52 of 1st period - Icing by Ethen Frank.
19:53 of 1st period - Sam Bennett wins face-off versus Ethen Frank in Montreal Canadiens zone.
19:56 of 1st period - Snap shot by Nicolas Roy.
19:56 of 1st period - Stopped by John Gibson without a rebound.
19:57 of 1st period - Sam Bennett wins face-off versus Dylan Larkin in Montreal Canadiens zone.
Goals for this period are 0 for Montreal Canadiens vs 1 for Toronto Maple Leafs.
Shots for this period are 11 for Montreal Canadiens vs 8 for Toronto Maple Leafs.
2nd period
0:01 of 2nd period - Sam Bennett wins face-off versus Juraj Slafkovsky in neutral zone.
1:20 of 2nd period - Nino Niederreiter is hit by Alex Iafallo and loses puck.
2:03 of 2nd period - Ryan Pulock is hit by Brady Skjei and loses puck.
3:20 of 2nd period - Slapshot by Tomas Hertl.
3:20 of 2nd period - Shot Misses the Net.
3:22 of 2nd period - Slapshot by Tomas Hertl.
3:22 of 2nd period - Shot Blocked by Ilya Lyubushkin.
3:32 of 2nd period - Cody Ceci is hit by Ethen Frank and loses puck.
4:00 of 2nd period - Brady Skjei is hit by Tomas Hertl.
4:19 of 2nd period - Sean Walker is hit by Dylan Larkin and loses puck.
5:30 of 2nd period - Vladimir Tarasenko is hit by Mario Ferraro and loses puck.
5:51 of 2nd period - Adam Fox is hit by Ryan Pulock.
5:57 of 2nd period - Snap shot by Dylan Larkin.
5:57 of 2nd period - Stopped by Cam Talbot with a rebound.
5:59 of 2nd period - Slapshot by Dylan Larkin.
5:59 of 2nd period - Stopped by Cam Talbot without a rebound.
6:00 of 2nd period - Tomas Hertl wins face-off versus Aliaksei Protas in Toronto Maple Leafs zone.
6:06 of 2nd period - Backhand shot by Martin Necas.
6:06 of 2nd period - Stopped by Cam Talbot without a rebound.
6:07 of 2nd period - Quinton Byfield wins face-off versus Jake Evans in Toronto Maple Leafs zone.
6:07 of 2nd period - Quinton Byfield is hit by Martin Necas.
6:33 of 2nd period - Nicolas Roy is hit by Andreas Athanasiou and loses puck.
7:02 of 2nd period - Cody Ceci is hit by Ethen Frank and loses puck.
7:13 of 2nd period - Wrist shot by Scott Laughton.
7:13 of 2nd period - Stopped by John Gibson without a rebound.
7:14 of 2nd period - Scott Laughton wins face-off versus Juraj Slafkovsky in Montreal Canadiens zone.
7:29 of 2nd period - Slapshot by Scott Laughton.
7:29 of 2nd period - Shot Misses the Net.
7:35 of 2nd period - Minor Penalty to Dylan Larkin for Holding.
7:36 of 2nd period - Teddy Blueger wins face-off versus Wyatt Johnston in Montreal Canadiens zone.
7:47 of 2nd period - Slapshot by Jake Evans.
7:47 of 2nd period - Stopped by Cam Talbot with a rebound.
9:35 of 2nd period - Penalty to Dylan Larkin is over, Dylan Larkin is back on ice.
9:41 of 2nd period - Dylan Larkin is hit by Sam Bennett and loses puck.
9:51 of 2nd period - Sam Bennett is hit by Dylan Larkin and loses puck.
10:08 of 2nd period - Wrist shot by Andrew Mangiapane.
10:08 of 2nd period - Stopped by John Gibson without a rebound.
10:09 of 2nd period - Scott Laughton wins face-off versus Juraj Slafkovsky in Montreal Canadiens zone.
10:13 of 2nd period - Minor Penalty to Dylan Larkin for Interference.
10:14 of 2nd period - Wyatt Johnston wins face-off versus Jake Evans in Montreal Canadiens zone.
10:25 of 2nd period - Slapshot by Wyatt Johnston.
10:25 of 2nd period - Goal by Wyatt Johnston - Montreal Canadiens : 0 - Toronto Maple Leafs : 2.
10:26 of 2nd period - Dylan Larkin wins face-off versus Wyatt Johnston in neutral zone.
10:41 of 2nd period - Snap shot by Juraj Slafkovsky.
10:41 of 2nd period - Stopped by Cam Talbot without a rebound.
10:42 of 2nd period - Tomas Hertl wins face-off versus Jake Evans in Toronto Maple Leafs zone.
10:47 of 2nd period - Jake Evans is hit by Brady Tkachuk and loses puck.
11:15 of 2nd period - Wrist shot by Nick Bjugstad.
11:15 of 2nd period - Shot Blocked by Dylan Larkin.
11:17 of 2nd period - Slapshot by Quinton Byfield.
11:17 of 2nd period - Shot Misses the Net.
11:29 of 2nd period - Snap shot by Patrik Laine.
11:29 of 2nd period - Stopped by Cam Talbot without a rebound.
11:30 of 2nd period - Teddy Blueger wins face-off versus Sam Bennett in Toronto Maple Leafs zone.
11:54 of 2nd period - Sam Bennett is hit by Andreas Athanasiou and loses puck.
12:03 of 2nd period - Snap shot by Patrik Laine.
12:03 of 2nd period - Stopped by Cam Talbot with a rebound.
12:09 of 2nd period - Snap shot by Nino Niederreiter.
12:09 of 2nd period - Goal by Nino Niederreiter - Montreal Canadiens : 0 - Toronto Maple Leafs : 3.
12:10 of 2nd period - Dylan Larkin wins face-off versus Wyatt Johnston in neutral zone.
12:35 of 2nd period - Aaron Ekblad is hit by Jake Evans and loses puck.
13:04 of 2nd period - Cody Ceci is hit by Patrik Laine and loses puck.
13:17 of 2nd period - Ilya Lyubushkin is hit by Scott Laughton and loses puck.
13:22 of 2nd period - Slapshot by Andrew Mangiapane.
13:22 of 2nd period - Shot Misses the Net.
13:24 of 2nd period - Snap shot by Scott Laughton.
13:24 of 2nd period - Shot Blocked by Adam Fox.
13:26 of 2nd period - Slapshot by Brandon Saad.
13:26 of 2nd period - Stopped by John Gibson without a rebound.
13:27 of 2nd period - Wyatt Johnston wins face-off versus Dylan Larkin in Montreal Canadiens zone.
13:42 of 2nd period - Wrist shot by Quinton Byfield.
13:42 of 2nd period - Stopped by John Gibson with a rebound.
13:52 of 2nd period - Troy Terry is hit by Martin Necas and loses puck.
15:46 of 2nd period - Wrist shot by Patrik Laine.
15:46 of 2nd period - Stopped by Cam Talbot without a rebound.
15:47 of 2nd period - Sam Bennett wins face-off versus Dylan Larkin in Toronto Maple Leafs zone.
16:07 of 2nd period - Ilya Lyubushkin is hit by Sam Bennett and loses puck.
16:25 of 2nd period - Wrist shot by Nino Niederreiter.
16:25 of 2nd period - Stopped by John Gibson with a rebound.
16:27 of 2nd period - Snap shot by Nino Niederreiter.
16:27 of 2nd period - Shot Blocked by Brady Skjei.
16:29 of 2nd period - Slapshot by Cody Ceci.
16:29 of 2nd period - Stopped by John Gibson with a rebound.
16:33 of 2nd period - Snap shot by Nicolas Roy.
16:33 of 2nd period - Shot Misses the Net.
16:35 of 2nd period - Slapshot by Nicolas Roy.
16:35 of 2nd period - Stopped by John Gibson with a rebound.
16:37 of 2nd period - Snap shot by Sam Bennett.
16:37 of 2nd period - Stopped by John Gibson with a rebound.
16:39 of 2nd period - Snap shot by Sam Bennett.
16:39 of 2nd period - Stopped by John Gibson without a rebound.
16:40 of 2nd period - Jake Evans wins face-off versus Wyatt Johnston in Montreal Canadiens zone.
16:45 of 2nd period - Snap shot by Martin Necas.
16:45 of 2nd period - Deflect By Jake Evans.
16:45 of 2nd period - Shot Misses the Net.
16:45 of 2nd period - Puck is out of play.
16:46 of 2nd period - Nick Bjugstad wins face-off versus Jake Evans in Toronto Maple Leafs zone.
16:53 of 2nd period - Snap shot by Nick Bjugstad.
16:53 of 2nd period - Stopped by John Gibson without a rebound.
16:54 of 2nd period - Wyatt Johnston wins face-off versus Jake Evans in Montreal Canadiens zone.
17:08 of 2nd period - Minor Penalty to Quinton Byfield for Tripping.
17:09 of 2nd period - Tomas Hertl wins face-off versus Dylan Larkin in Toronto Maple Leafs zone.
17:35 of 2nd period - Aliaksei Protas is hit by Mario Ferraro and loses puck.
17:44 of 2nd period - Snap shot by Scott Laughton.
17:44 of 2nd period - Shot Blocked by Brady Skjei.
17:54 of 2nd period - Wrist shot by Patrik Laine.
17:54 of 2nd period - Shot Misses the Net.
17:56 of 2nd period - Wrist shot by Vladimir Tarasenko.
17:56 of 2nd period - Shot Blocked by Ryan Pulock.
19:08 of 2nd period - Penalty to Quinton Byfield is over, Quinton Byfield is back on ice.
19:24 of 2nd period - Slapshot by Alex Iafallo.
19:24 of 2nd period - Stopped by Cam Talbot without a rebound.
19:25 of 2nd period - Wyatt Johnston wins face-off versus Ethen Frank in Toronto Maple Leafs zone.
Goals for this period are 0 for Montreal Canadiens vs 2 for Toronto Maple Leafs.
Shots for this period are 9 for Montreal Canadiens vs 12 for Toronto Maple Leafs.
3rd period
0:01 of 3rd period - Tomas Hertl wins face-off versus Dylan Larkin in neutral zone.
0:44 of 3rd period - Wrist shot by Tomas Hertl.
0:44 of 3rd period - Shot Misses the Net.
1:11 of 3rd period - Icing by Damon Severson.
1:12 of 3rd period - Sam Bennett wins face-off versus Jake Evans in Montreal Canadiens zone.
1:45 of 3rd period - Snap shot by Sam Bennett.
1:45 of 3rd period - Shot Misses the Net.
1:47 of 3rd period - Wrist shot by Nino Niederreiter.
1:47 of 3rd period - Shot Misses the Net.
1:49 of 3rd period - Slapshot by Sam Bennett.
1:49 of 3rd period - Stopped by John Gibson without a rebound.
1:50 of 3rd period - Dylan Larkin wins face-off versus Wyatt Johnston in Montreal Canadiens zone.
2:25 of 3rd period - Snap shot by Patrik Laine.
2:25 of 3rd period - Shot Misses the Net.
2:39 of 3rd period - Scott Laughton is hit by Adam Fox and loses puck.
2:56 of 3rd period - Mario Ferraro is hit by Juraj Slafkovsky and loses puck.
3:24 of 3rd period - Snap shot by Aliaksei Protas.
3:24 of 3rd period - Shot Blocked by Quinton Byfield.
4:05 of 3rd period - Off-side.
4:06 of 3rd period - Vladimir Tarasenko wins face-off versus Scott Laughton in neutral zone.
4:12 of 3rd period - Minor Penalty to Sean Walker for Slashing.
4:13 of 3rd period - Tomas Hertl wins face-off versus Dylan Larkin in Toronto Maple Leafs zone.
4:26 of 3rd period - Slapshot by Vladimir Tarasenko.
4:26 of 3rd period - Stopped by Cam Talbot with a rebound.
4:28 of 3rd period - Snap shot by Damon Severson.
4:28 of 3rd period - Shot Misses the Net.
6:12 of 3rd period - Penalty to Sean Walker is over, Sean Walker is back on ice.
6:28 of 3rd period - Brady Tkachuk is hit by Dylan Larkin and loses puck.
6:52 of 3rd period - Minor Penalty to Dougie Hamilton for Goalie Interference.
6:53 of 3rd period - Patrik Laine wins face-off versus Tomas Hertl in Toronto Maple Leafs zone.
6:55 of 3rd period - Wrist shot by Martin Necas.
6:55 of 3rd period - Shot Misses the Net.
7:05 of 3rd period - Wrist shot by Patrik Laine.
7:05 of 3rd period - Shot Misses the Net.
8:24 of 3rd period - Nick Bjugstad is hit by Adam Fox and loses puck.
8:52 of 3rd period - Penalty to Dougie Hamilton is over, Dougie Hamilton is back on ice.
9:00 of 3rd period - Icing by Adam Fox.
9:01 of 3rd period - Ethen Frank wins face-off versus Brandon Saad in Montreal Canadiens zone.
9:01 of 3rd period - Ethen Frank is hit by Brandon Saad.
9:58 of 3rd period - Wrist shot by Nicolas Roy.
9:58 of 3rd period - Stopped by John Gibson without a rebound.
9:59 of 3rd period - Tomas Hertl wins face-off versus Vladimir Tarasenko in Montreal Canadiens zone.
10:26 of 3rd period - Nick Bjugstad is hit by Damon Severson and loses puck.
10:53 of 3rd period - Snap shot by Patrik Laine.
10:53 of 3rd period - Stopped by Cam Talbot with a rebound.
10:55 of 3rd period - Slapshot by Patrik Laine.
10:55 of 3rd period - Stopped by Cam Talbot without a rebound.
10:56 of 3rd period - Tomas Hertl wins face-off versus Dylan Larkin in Toronto Maple Leafs zone.
11:21 of 3rd period - Brady Tkachuk is hit by Patrik Laine.
11:33 of 3rd period - Backhand shot by Patrik Laine.
11:33 of 3rd period - Shot Misses the Net.
12:12 of 3rd period - Nick Bjugstad is hit by Damon Severson and loses puck.
13:07 of 3rd period - Slapshot by Andrew Mangiapane.
13:07 of 3rd period - Stopped by John Gibson without a rebound.
13:08 of 3rd period - Jake Evans wins face-off versus Wyatt Johnston in Montreal Canadiens zone.
13:08 of 3rd period - Jake Evans is hit by Quinton Byfield.
13:44 of 3rd period - Snap shot by Scott Laughton.
13:44 of 3rd period - Shot Misses the Net.
13:46 of 3rd period - Snap shot by Brandon Saad.
13:46 of 3rd period - Stopped by John Gibson without a rebound.
13:47 of 3rd period - Wyatt Johnston wins face-off versus Teddy Blueger in Montreal Canadiens zone.
14:37 of 3rd period - Slapshot by Brady Tkachuk.
14:37 of 3rd period - Shot Misses the Net.
14:59 of 3rd period - Snap shot by Sam Bennett.
14:59 of 3rd period - Stopped by John Gibson without a rebound.
15:00 of 3rd period - Teddy Blueger wins face-off versus Sam Bennett in Montreal Canadiens zone.
15:25 of 3rd period - Cody Ceci is hit by Aliaksei Protas and loses puck.
15:54 of 3rd period - Ilya Lyubushkin is hit by Nino Niederreiter.
16:14 of 3rd period - Snap shot by Troy Terry.
16:14 of 3rd period - Shot Blocked by Ethen Frank.
16:16 of 3rd period - Slapshot by Sean Walker.
16:16 of 3rd period - Stopped by John Gibson with a rebound.
16:18 of 3rd period - Wrist shot by Troy Terry.
16:18 of 3rd period - Shot Misses the Net.
16:20 of 3rd period - Slapshot by Cody Ceci.
16:20 of 3rd period - Deflect By Brady Tkachuk.
16:20 of 3rd period - Stopped by John Gibson with a rebound.
16:34 of 3rd period - Slapshot by Brandon Saad.
16:34 of 3rd period - Deflect By Alex Iafallo.
16:34 of 3rd period - Stopped by John Gibson without a rebound.
16:35 of 3rd period - Dylan Larkin wins face-off versus Scott Laughton in Montreal Canadiens zone.
16:52 of 3rd period - Juraj Slafkovsky is hit by Scott Laughton and loses puck.
17:44 of 3rd period - Snap shot by Tomas Hertl.
17:44 of 3rd period - Stopped by John Gibson with a rebound.
18:09 of 3rd period - Minor Penalty to Sam Bennett for High sticking.
18:10 of 3rd period - Nick Bjugstad wins face-off versus Dylan Larkin in Toronto Maple Leafs zone.
18:10 of 3rd period - Nick Bjugstad is hit by Vladimir Tarasenko.
Goals for this period are 0 for Montreal Canadiens vs 0 for Toronto Maple Leafs.
Shots for this period are 3 for Montreal Canadiens vs 9 for Toronto Maple Leafs.
Back to the Top